% Time on Ice - ANCHORAGE ACES
Lines # - Real PCT - Wanted PCT - Time Play
Normal Forward
1 - 36% - 36% - 18:41
2 - 30% - 31% - 15:49
3 - 22% - 23% - 11:32
4 - 12% - 10% - 6:02
Normal Defense
1 - 36% - 33% - 18:49
2 - 30% - 33% - 15:52
3 - 27% - 21% - 14:01
4 - 6% - 13% - 3:22
PP Forward
1 - 54% - 55% - 3:11
2 - 46% - 45% - 2:46
PP Defense
1 - 46% - 50% - 2:45
2 - 54% - 50% - 3:12
PK Forward
1 - 49% - 50% - 0:58
2 - 51% - 50% - 1:01
PK Defense
1 - 55% - 50% - 1:06
2 - 45% - 50% - 0:53
PK3 Forward
1 - 0% - 55%
2 - 0% - 45%
PK3 Defense
1 - 0% - 55%
2 - 0% - 45%
44 Forward
1 - 0% - 50%
2 - 0% - 50%
44 Defense
1 - 0% - 55%
2 - 0% - 45%
Last Minute Offensive  - 0:00
Last Minute Defensive  - 0:00
Total
Forward - 60:00
Defense - 60:00
% Time on Ice - WINNIPEG BEAVERS
Lines # - Real PCT - Wanted PCT - Time Play
Normal Forward
1 - 34% - 36% - 17:33
2 - 30% - 32% - 15:40
3 - 26% - 23% - 13:44
4 - 10% - 9% - 5:07
Normal Defense
1 - 33% - 33% - 17:24
2 - 30% - 32% - 15:52
3 - 31% - 28% - 16:00
4 - 5% - 7% - 2:48
PP Forward
1 - 57% - 52% - 1:08
2 - 43% - 48% - 0:51
PP Defense
1 - 57% - 52% - 1:08
2 - 43% - 48% - 0:51
PK Forward
1 - 61% - 52% - 3:39
2 - 39% - 48% - 2:18
PK Defense
1 - 64% - 50% - 3:48
2 - 36% - 50% - 2:09
PK3 Forward
1 - 0% - 55%
2 - 0% - 45%
PK3 Defense
1 - 0% - 50%
2 - 0% - 50%
44 Forward
1 - 0% - 50%
2 - 0% - 50%
44 Defense
1 - 0% - 50%
2 - 0% - 50%
Last Minute Offensive  - 0:00
Last Minute Defensive  - 0:00
Total
Forward - 60:00
Defense - 60:00
Play-by-Play 1st period 0:01 of 1st period - Connor McDavid wins face-off versus Brad Marchand in neutral zone. 0:08 of 1st period - Shot by Nathan MacKinnon. 0:08 of 1st period - Goal by Nathan MacKinnon - ANCHORAGE ACES : 1 - WINNIPEG BEAVERS : 0. 0:09 of 1st period - Jordan Staal wins face-off versus Joshua Norris in neutral zone. 0:33 of 1st period - Shot by Chris Kreider. 0:33 of 1st period - Stopped by Anton Forsberg with a rebound. 0:42 of 1st period - Chris Kreider is hit by Rasmus Ristolainen and loses puck. 1:03 of 1st period - Shot by Tyler Ennis. 1:03 of 1st period - Stopped by Brian Elliott without a rebound. 1:04 of 1st period - Phillip Danault wins face-off versus Joe Pavelski in ANCHORAGE ACES zone. 1:04 of 1st period - Conor Sheary is hit by Alexander Radulov and loses puck. 1:41 of 1st period - Icing by Ryan Pulock. 1:42 of 1st period - Joe Thornton wins face-off versus Phillip Danault in ANCHORAGE ACES zone. 2:06 of 1st period - Off-side. 2:07 of 1st period - Connor McDavid wins face-off versus Seth Griffith in neutral zone. 2:29 of 1st period - Off-side. 2:30 of 1st period - Joe Pavelski wins face-off versus Casey Cizikas in neutral zone. 3:35 of 1st period - Shot by Brandon Tanev. 3:35 of 1st period - Stopped by Brian Elliott without a rebound. 3:36 of 1st period - Jordan Staal wins face-off versus Connor McDavid in ANCHORAGE ACES zone. 3:39 of 1st period - Shot by Ondrej Palat. 3:39 of 1st period - Shot Blocked by Connor McDavid. 3:41 of 1st period - Shot by Jordan Staal. 3:41 of 1st period - Stopped by Brian Elliott without a rebound. 3:42 of 1st period - Jordan Staal wins face-off versus Connor McDavid in ANCHORAGE ACES zone. 3:53 of 1st period - Shot by Ondrej Palat. 3:53 of 1st period - Stopped by Brian Elliott without a rebound. 3:54 of 1st period - Brandon Tanev wins face-off versus Joshua Norris in ANCHORAGE ACES zone. 3:57 of 1st period - Shot by Victor Hedman. 3:57 of 1st period - Stopped by Brian Elliott with a rebound. 4:56 of 1st period - Jack Roslovic is hit by Ben Chiarot and loses puck. 5:09 of 1st period - Shot by Jack Roslovic. 5:09 of 1st period - Shot Blocked by Ben Chiarot. 5:19 of 1st period - Shot by Jordan Staal. 5:19 of 1st period - Shot Misses the Net. 5:21 of 1st period - Shot by Jack Roslovic. 5:21 of 1st period - Shot Misses the Net. 5:23 of 1st period - Shot by Jordan Staal. 5:23 of 1st period - Stopped by Brian Elliott without a rebound. 5:24 of 1st period - Connor McDavid wins face-off versus Joe Pavelski in ANCHORAGE ACES zone. 5:33 of 1st period - Shot by Nikolaj Ehlers. 5:33 of 1st period - Shot Misses the Net. 5:35 of 1st period - Shot by Nikolaj Ehlers. 5:35 of 1st period - Stopped by Anton Forsberg without a rebound. 5:36 of 1st period - Connor McDavid wins face-off versus Seth Griffith in WINNIPEG BEAVERS zone. 5:39 of 1st period - Shot by Nathan MacKinnon. 5:39 of 1st period - Stopped by Anton Forsberg without a rebound. 5:40 of 1st period - Joe Pavelski wins face-off versus Connor McDavid in WINNIPEG BEAVERS zone. 5:51 of 1st period - Icing by Joe Pavelski. 5:52 of 1st period - Joe Pavelski wins face-off versus Phillip Danault in WINNIPEG BEAVERS zone. 5:52 of 1st period - Brad Marchand is hit by Erik Haula and loses puck. 6:19 of 1st period - Shot by Erik Haula. 6:19 of 1st period - Shot Misses the Net. 6:21 of 1st period - Shot by Phillip Danault. 6:21 of 1st period - Goal by Phillip Danault - ANCHORAGE ACES : 2 - WINNIPEG BEAVERS : 0. 6:22 of 1st period - Connor McDavid wins face-off versus Jordan Staal in neutral zone. 6:27 of 1st period - Shot by Nikolaj Ehlers. 6:27 of 1st period - Stopped by Anton Forsberg with a rebound. 6:29 of 1st period - Shot by Nathan MacKinnon. 6:29 of 1st period - Deflect By Nikolaj Ehlers. 6:29 of 1st period - Shot Blocked by Chris Tanev. 6:35 of 1st period - Shot by Connor McDavid. 6:35 of 1st period - Shot Misses the Net. 6:37 of 1st period - Shot by Connor McDavid. 6:37 of 1st period - Shot Blocked by Chris Tanev. 6:39 of 1st period - Shot by Nikolaj Ehlers. 6:39 of 1st period - Shot Blocked by Jordan Staal. 7:05 of 1st period - Shot by Connor McDavid. 7:05 of 1st period - Shot Misses the Net. 7:25 of 1st period - Shot by Phillip Danault. 7:25 of 1st period - Deflect By Erik Haula. 7:25 of 1st period - Stopped by Anton Forsberg with a rebound. 7:27 of 1st period - Shot by Ben Chiarot. 7:27 of 1st period - Stopped by Anton Forsberg with a rebound. 7:29 of 1st period - Shot by Erik Haula. 7:29 of 1st period - Shot Misses the Net. 7:31 of 1st period - Shot by Phillip Danault. 7:31 of 1st period - Shot Misses the Net. 7:33 of 1st period - Shot by Seth Jones. 7:33 of 1st period - Stopped by Anton Forsberg without a rebound. 7:34 of 1st period - Joe Pavelski wins face-off versus Joshua Norris in WINNIPEG BEAVERS zone. 7:43 of 1st period - Shot by Joe Pavelski. 7:43 of 1st period - Stopped by Brian Elliott with a rebound. 8:00 of 1st period - Off-side. 8:01 of 1st period - Conor Sheary wins face-off versus Joe Thornton in neutral zone. 8:26 of 1st period - Shot by Conor Sheary. 8:26 of 1st period - Stopped by Anton Forsberg without a rebound. 8:27 of 1st period - Joe Pavelski wins face-off versus Connor McDavid in WINNIPEG BEAVERS zone. 9:46 of 1st period - Shot by Jordan Staal. 9:46 of 1st period - Shot Blocked by Jonathan Audy-Marchessault. 11:15 of 1st period - Shot by Phillip Danault. 11:15 of 1st period - Stopped by Anton Forsberg without a rebound. 11:16 of 1st period - Seth Griffith wins face-off versus Casey Cizikas in WINNIPEG BEAVERS zone. 11:34 of 1st period - Minor Penalty to Sam Lafferty for Hooking. 11:35 of 1st period - Joshua Norris wins face-off versus Jordan Staal in WINNIPEG BEAVERS zone. 12:02 of 1st period - Shot by Chris Kreider. 12:02 of 1st period - Shot Misses the Net. 12:04 of 1st period - Shot by Jakob Chychrun. 12:04 of 1st period - Shot Misses the Net. 12:06 of 1st period - Shot by Phillip Danault. 12:06 of 1st period - Stopped by Anton Forsberg without a rebound. 12:07 of 1st period - Connor McDavid wins face-off versus Jordan Staal in WINNIPEG BEAVERS zone. 13:22 of 1st period - Icing by Phillip Danault. 13:23 of 1st period - Phillip Danault wins face-off versus Jordan Staal in ANCHORAGE ACES zone. 13:40 of 1st period - Shot by Phillip Danault. 13:40 of 1st period - Shot Misses the Net. 14:02 of 1st period - Shot by Joe Pavelski. 14:02 of 1st period - Shot Blocked by Ryan Pulock. 14:20 of 1st period - Robert Bortuzzo is hit by Brad Marchand and loses puck. 14:32 of 1st period - Ryan Pulock is hit by Sam Lafferty and loses puck. 14:54 of 1st period - Shot by Nathan MacKinnon. 14:54 of 1st period - Goal by Nathan MacKinnon - ANCHORAGE ACES : 3 - WINNIPEG BEAVERS : 0. 14:55 of 1st period - Jordan Staal wins face-off versus Joshua Norris in neutral zone. 14:58 of 1st period - Jonathan Audy-Marchessault is hit by Jordan Staal and loses puck. 15:20 of 1st period - Shot by Chris Kreider. 15:20 of 1st period - Shot Misses the Net. 15:22 of 1st period - Shot by Chris Kreider. 15:22 of 1st period - Shot Misses the Net. 15:24 of 1st period - Shot by Jonathan Audy-Marchessault. 15:24 of 1st period - Stopped by Anton Forsberg without a rebound. 15:25 of 1st period - Connor McDavid wins face-off versus Joe Thornton in WINNIPEG BEAVERS zone. 15:25 of 1st period - Nathan MacKinnon is hit by Carson Soucy and loses puck. 15:31 of 1st period - Icing by Joe Thornton. 15:32 of 1st period - Nathan MacKinnon wins face-off versus Brandon Tanev in WINNIPEG BEAVERS zone. 16:04 of 1st period - Icing by Victor Hedman. 16:05 of 1st period - Joshua Norris wins face-off versus Joe Thornton in WINNIPEG BEAVERS zone. 16:06 of 1st period - Shot by Chris Kreider. 16:06 of 1st period - Stopped by Anton Forsberg without a rebound. 16:07 of 1st period - Joe Pavelski wins face-off versus Joshua Norris in WINNIPEG BEAVERS zone. 17:00 of 1st period - Icing by Chris Kreider. 17:01 of 1st period - Jordan Staal wins face-off versus Chris Kreider in ANCHORAGE ACES zone. 17:28 of 1st period - Shot by Ondrej Palat. 17:28 of 1st period - Shot Blocked by Jani Hakanpaa. 17:30 of 1st period - Shot by Jordan Staal. 17:30 of 1st period - Stopped by Brian Elliott with a rebound. 17:44 of 1st period - Shot by Ondrej Palat. 17:44 of 1st period - Shot Misses the Net. 18:44 of 1st period - Icing by Nikolaj Ehlers. 18:45 of 1st period - Connor McDavid wins face-off versus Alexander Radulov in ANCHORAGE ACES zone. 19:14 of 1st period - Off-side. 19:15 of 1st period - Jordan Staal wins face-off versus Phillip Danault in neutral zone. 19:18 of 1st period - Shot by Victor Hedman. 19:18 of 1st period - Shot Misses the Net. 19:32 o